Map: [G8] Ancient Cistern

Players

Solar

  • Race: Zerg Zerg
  • Spawn Location: 7:00

Cure - Winner!

  • Race: Terran Terran
  • Spawn Location: 1:00

Event: Gamers8 2023

VOD

Have the link to the VOD?

Description

Time

  • Played on: Aug. 6, 2023, 12:41 p.m.
  • Length: 8:27

All games in this series

Show
View Real Time Build Order
Export as new Build Order

Solar Zerg 

Build Orders: Hatch First 

Get SALT Encoding   

  12  0:00  Drone  
  13  0:12  Overlord  
  13  0:16  Drone  
  14  0:31  Drone x2  
  16  0:47  Hatchery  
  15  0:52  Drone  
  15  0:57  Drone  
  17  0:59  Drone  
  18  1:11  Extractor  
  18  1:15  Spawning Pool  
  18  1:17  Drone  
  17  1:20  Drone  
  18  1:28  Drone  
  19  1:39  Drone  
  20  1:52  Drone  
  21  2:02  Queen x2, Zergling x4  
  27  2:13  Zergling x2  
  28  2:19  Hatchery  
  27  2:23  Overlord  
  27  2:29  Metabolic Boost  
  27  2:32  Drone  
  28  2:42  Queen  
  28  2:43  Zergling x2  
  31  2:45  Drone  
  31  2:50  Overlord  
  32  2:54  Drone x2  
  33  3:00  Zergling x4  
  33  3:03  Drone  
  36  3:11  Drone  
  37  3:14  Drone  
  37  3:19  Drone  
  38  3:20  Queen  
  38  3:21  Drone x2  
  42  3:27  Overlord  
  42  3:28  Drone  
  42  3:33  Queen  
  45  3:36  Drone  
  45  3:39  Queen  
  48  3:43  Overlord  
  48  3:47  Drone  
  49  3:48  Drone  
  49  3:55  Drone x4  
  54  3:59  Drone  
  54  4:02  Drone x2  
  57  4:04  Overlord  
  57  4:06  Drone x2  
  57  4:07  Drone  
  60  4:11  Queen  
  60  4:14  Drone x2  
  64  4:22  Queen, Overlord  
  67  4:24  Drone x2  
  67  4:26  Drone  
  67  4:29  Drone x2  
  67  4:30  Drone  
  67  4:31  Drone  
  73  4:34  Extractor, Drone  
  73  4:35  Overlord  
  73  4:41  Drone x2  
  73  4:43  Drone  
  73  4:44  Drone  
  73  4:45  Evolution Chamber x2  
  75  4:46  Drone  
  75  4:49  Zergling x2  
  75  4:50  Zergling x2  
  75  4:51  Spore Crawler  
  75  4:52  Queen  
  77  4:57  Drone x3  
  82  5:01  Overlord  
  82  5:03  Spore Crawler  
  82  5:05  Drone x3  
  84  5:08  Drone x2  
  84  5:11  Drone x3  
  84  5:12  Extractor  
  88  5:17  Overlord  
  88  5:21  Hatchery  
  87  5:23  Zergling x6  
  87  5:27  Zerg Ground Armor Level 1  
  88  5:29  Zerg Melee Weapons Level 1  
  88  5:34  Extractor x2, Zergling x8  
  90  5:40  Overlord  
  90  5:41  Drone x2  
  92  5:42  Lair  
  92  5:43  Zergling x4  
  92  5:45  Drone x2  
  92  5:47  Drone  
  92  5:48  Drone  
  97  5:51  Spore Crawler  
  97  5:53  Drone  
  97  5:54  Baneling Nest  
  96  6:00  Drone  
  96  6:02  Zergling x12  
  103  6:08  Drone x2, Roach Warren  
  103  6:09  Overlord  
  104  6:15  Overlord  
  104  6:17  Drone  
  105  6:18  Drone  
  105  6:30  Zergling x6  
  108  6:35  Drone x3  
  108  6:36  Queen, Drone x2  
  108  6:37  Drone x2  
  108  6:38  Drone  
  118  6:40  Centrifugal Hooks  
  118  6:41  Overseer  
  118  6:44  Hydralisk Den, Drone x2  
  118  6:46  Zergling x14  
  126  6:52  Overlord  
  126  6:53  Baneling x4  
  126  6:54  Baneling x2  
  126  6:55  Baneling x2  
  126  6:56  Baneling  
  126  6:57  Roach Warren  
  126  6:59  Baneling x2  
  126  7:00  Zergling x4  
  128  7:04  Zergling x4  
  131  7:08  Zergling x12  
  131  7:09  Baneling  
  131  7:10  Hatchery, Baneling  
  131  7:13  Zergling x2  
  131  7:14  Overlord  
  135  7:17  Overlord  
  135  7:20  Zergling x10  
  135  7:24  Baneling x5  
  135  7:25  Overlord  
  135  7:26  Queen, Overlord  
  135  7:29  Zergling x4  
  134  7:32  Queen  
  134  7:33  Zergling x6  
  134  7:34  Queen  
  136  7:41  Queen  
  127  7:44  Roach x2  
  127  7:47  Roach x2  
  127  7:50  Roach x3  
  122  7:52  Roach x2  
  122  7:54  Roach  
  122  7:57  Zergling x2  
  124  8:00  Roach x2  
  124  8:05  Zergling x4  
  124  8:10  Zergling x8  
Show
View Real Time Build Order
Export as new Build Order

Cure Terran - Winner!

Build Orders:  

Get SALT Encoding   

  12  0:00  SCV  
  13  0:12  SCV  
  14  0:17  Supply Depot  
  14  0:24  SCV  
  15  0:39  SCV  
  15  0:40  Barracks  
  16  0:43  Refinery  
  16  0:51  SCV  
  17  0:59  Barracks  
  17  1:03  SCV  
  18  1:15  SCV  
  19  1:27  Orbital Command, Reaper  
  20  1:35  Supply Depot  
  20  1:46  Reaper  
  21  1:53  SCV  
  22  2:02  Reaper  
  22  2:05  SCV  
  24  2:11  Command Center  
  24  2:17  Marine, SCV  
  26  2:29  SCV  
  27  2:42  Command Center  
  27  2:43  SCV  
  28  2:49  Supply Depot  
  28  2:55  SCV  
  29  2:59  Factory  
  29  3:07  Barracks Reactor, SCV  
  29  3:08  Refinery  
  29  3:11  Barracks Tech Lab  
  30  3:19  SCV  
  31  3:26  Orbital Command  
  31  3:31  Marine  
  31  3:32  SCV  
  33  3:44  SCV  
  33  3:47  Factory Reactor  
  34  3:51  Marine x3  
  34  3:53  SCV  
  34  3:55  Orbital Command  
  38  3:56  SCV  
  38  3:59  Refinery  
  38  4:02  Refinery  
  39  4:06  Factory  
  39  4:08  SCV  
  39  4:09  SCV  
  42  4:20  SCV  
  42  4:21  SCV  
  46  4:26  Hellion, SCV  
  46  4:27  Hellion  
  48  4:32  SCV  
  48  4:33  SCV  
  48  4:34  Factory  
  48  4:38  SCV  
  51  4:41  Factory  
  51  4:44  SCV  
  51  4:45  SCV  
  53  4:48  Factory  
  53  4:50  SCV  
  53  4:51  Hellion x2  
  58  4:54  Factory Tech Lab  
  58  4:58  SCV  
  58  4:59  SCV  
  60  5:02  SCV, Supply Depot  
  61  5:11  SCV x2, Supply Depot  
  63  5:15  Orbital Command  
  63  5:18  Factory Tech Lab  
  63  5:19  Hellion x2  
  69  5:23  Cyclone  
  69  5:25  Mag-Field Accelerator  
  69  5:26  Factory Reactor  
  69  5:27  SCV x2  
  72  5:31  Supply Depot  
  72  5:33  Factory Tech Lab  
  72  5:39  SCV x2  
  72  5:41  Cyclone  
  77  5:42  Infernal Pre-Igniter  
  77  5:45  SCV  
  78  5:50  Hellion  
  78  5:51  Hellion, SCV x2  
  78  5:55  Supply Depot x2  
  78  5:57  Cyclone  
  87  6:01  Cyclone  
  87  6:02  SCV  
  87  6:03  SCV x2  
  93  6:07  Supply Depot  
  93  6:14  Supply Depot  
  93  6:16  Cyclone  
  93  6:17  Hellion x3  
  104  6:18  Hellion  
  104  6:21  SCV x3  
  107  6:25  Supply Depot  
  107  6:29  Cyclone  
  110  6:33  Hellion, Supply Depot  
  110  6:38  Hellion  
  110  6:39  Hellion x2  
  118  6:42  SCV x3  
  118  6:44  Supply Depot  
  121  6:49  Supply Depot  
  121  6:51  Cyclone  
  121  6:52  Hellion  
  126  6:54  Cyclone  
  126  6:59  Hellion  
  131  7:02  SCV x2, Cyclone  
  131  7:03  Hellion x2  
  131  7:06  Refinery x2  
  140  7:14  Hellion  
  134  7:23  Hellion  
  134  7:24  Hellion x2, Cyclone  
  134  7:26  Cyclone  
  137  7:32  SCV x2  
  137  7:35  Cyclone  
  135  7:39  Hellion  
  137  7:51  Hellion  
  129  7:52  Hellion x2  
  136  8:03  Hellion  
  132  8:06  SCV x3  
Tags
 
Add a new tag
Caveats
  • Supply blocks, unpowered buildings, or Contaminate may cause inaccurate times.
  • Supply counts are checked every 10 seconds.